 Dungeon Crawl Stone Soup version 0.29-a0-330-g52719c12eb (webtiles) character file.

Game seed: 18403116177376003846

158961 Aelig the Black Belt (level 18, -4/120 HPs)
             Began as a Djinni Transmuter on May 8, 2022.
             Was a Believer of Elyvilon.
             Slain by a shadow wraith (21 damage)
             ... on level 2 of the Abyss.
             The game lasted 02:32:01 (62159 turns).

Aelig the Black Belt (Djinni Transmuter)           Turns: 62159, Time: 02:32:02

Health: -4/120     AC: 10    Str:  9    XL:     18   Next: 36%
Gold:   2473       EV: 14    Int: 21    God:    Elyvilon [**....] SH:  0 Dex: 16

rFire   x . .      SeeInvis .     - Unarmed
rCold   + + +      Faith    +   (shield currently unavailable)
rNeg    . . .      Spirit   .   (body armour currently unavailable)
rPois   ∞          Reflect  .   (helmet currently unavailable)
rElec   .          Harm     .   (cloak currently unavailable)
rCorr   .          Rampage  .   (gloves currently unavailable)
Will    ++...                   (boots unavailable)
Stlth   +.........              c - amulet of faith
HPRegen 0.30/turn               M - +4 ring of protection
MPRegen 0.00/turn               L - ring of willpower

@: ice-form, corroded, flying, slowed, very slow
A: freezing attack, flying, boosted hp, sickness immunity, large, (fire
resistance 2), (cold vulnerability 1), float, innate caster, HP casting, extra
vitality 1, [frail 2]
a: End Transformation, Renounce Religion, Purification, Heal Other


You were on level 2 of the Abyss.
You worshipped Elyvilon.
Elyvilon was pleased with you.
You were a creature of crystalline ice.
You visited 6 branches of the dungeon, and saw 30 of its levels.
You visited the Abyss 1 time.
You also visited: Ice Cave.

You collected 2840 gold pieces.
You spent 331 gold pieces at shops.
You donated 36 gold pieces to Zin.

Inventory:

Missiles
 j - 870 stones (quivered)
 S - 4 throwing nets
Armour
 a - a +2 hat (melded)
 l - a +1 cloak (melded)
 v - a +2 pair of gloves of infusion (melded)
 R - a +2 robe of cold resistance (melded)
Magical Staves
 F - a staff of cold (melded)
Jewellery
 c - an amulet of faith (around neck)
 h - the ring "Kavveliwe" {rElec rPois rC+ rCorr Str-5}
   (You found it in an ice cave)

   [ring of poison resistance]

   Str:       It affects your strength (-5).
   rC:        It protects you from cold.
   rElec:     It insulates you from electricity.
   rPois:     It protects you from poison.
   rCorr:     It protects you from acid and corrosion.
 L - a ring of willpower (right front paw)
 M - a +4 ring of protection (left front paw)
 Q - a ring of positive energy
 U - a ring of wizardry
Wands
 p - a wand of mindburst (27)
 B - a wand of paralysis (5)
 C - a wand of flame (65)
 H - a wand of polymorph (3)
 O - a wand of acid (4)
 P - a wand of iceblast (9)
 W - a wand of digging (7)
Scrolls
 g - 5 scrolls of immolation
 k - a scroll of enchant weapon
 m - 7 scrolls of enchant armour
 q - a scroll of blinking
 r - 6 scrolls of fog
 s - 4 scrolls of brand weapon
 x - 4 scrolls of summoning
 y - 5 scrolls of vulnerability
 D - 3 scrolls of holy word
 E - 2 scrolls of identify
 J - 3 scrolls of silence
 N - 4 scrolls of magic mapping
 X - a scroll of fear
Potions
 b - 4 potions of lignification
 e - 2 potions of brilliance
 f - 5 potions of might
 i - 3 potions of invisibility
 n - 14 potions of curing
 o - a potion of cancellation
 w - 5 potions of attraction
 z - 9 potions of mutation
 A - a potion of resistance
 G - 2 potions of haste
 K - 2 potions of ambrosia
 T - a potion of heal wounds


   Skills:
 + Level 10.8 Fighting
 - Level 8.0 Dodging
 - Level 18.0 Unarmed Combat
 + Level 13.6 Spellcasting
 + Level 15.5 Invocations


You had 3 spell levels left.
You knew the following spells:

 Your Spells              Type           Power      Damage    Failure   Level
a - Beastly Appendage     Tmut           100%       N/A       0%          1
b - Wereblood             Tmut           64%        N/A       1%          2
c - Spider Form           Tmut/Pois      64%        N/A       1%          3
d - Ice Form              Ice/Tmut       64%        N/A       1%          4
e - Static Discharge      Conj/Air       64%        N/A       1%          2
f - Ignite Poison         Fire/Tmut/Pois 64%        N/A       1%          3
g - Lesser Beckoning      Tloc           64%        N/A       1%          3
h - Summon Mana Viper     Hex/Summ       64%        N/A       1%          5
i - Borgnjor's Vile Clut  Necr/Erth      32%        N/A       1%          5
j - Summon Cactus Giant   Summ           32%        N/A       2%          6
k - Eringya's Noxious Bo  Tmut/Pois      32%        N/A       2%          6
z - Apportation           Tloc           100%       N/A       0%          1
Your spell library was empty.

Dungeon Overview and Level Annotations

Branches:
Dungeon (15/15)            Temple (1/1) D:5            Lair (6/6) D:8
 Shoals (3/4) Lair:4        Snake (3/4) Lair:4        Slime (0/5) Lair:5
    Orc (2/2) D:10            Elf (0/3) Orc:2        Vaults (0/5) D:14
  IceCv (visited)
 Depths: D:15

Altars:
Ashenzari
Cheibriados
Dithmenos
Elyvilon
Fedhas
Gozag
Kikubaaqudgha
Makhleb
Nemelex Xobeh
Okawaru
Qazlal
Ru
Sif Muna
Trog
Uskayaw
Vehumet
Wu Jian
Xom
Yredelemnul
Zin
Beogh

Shops:
D:10 *   D:13 :!*=   Orc:2 *[[[((

Portals:
Trove: D:11 (give 6 scrolls of blinking)

Annotations:
D:3 1 transporter, eyesofgods1's ghost, amateur DsFi
D:5 3 runed translucent doors, Crazy Yiuf
D:6 4 runed translucent doors
Lair:5 Xelalesa's ghost, journeyman FoAK
Shoals:1 Roxanne
Shoals:2 Louise
Snake:3 2 transporters, Voveif's ghost, adept VSFi


Innate Abilities, Weirdness & Mutations

You are a creature of crystalline ice.
You have a powerful freezing melee attack.
You are flying.
Your maximum health is increased.
Your armour is entirely melded.
You are incapable of wielding weapons or throwing items.
You are immune to sickness and miasma.
You are immune to poison.
((Your flesh is very heat resistant. (rF++)))
((You are vulnerable to cold. (rC-)))
You float through the air rather than walking.
You learn spells naturally, not from books.
Your magical power is your life essence.
You have superior vitality. (+4 MHP)
[You are very frail. (-20% HP)]


Message History

You feel as though you will be slow longer.
You punch the rust devil! You freeze the rust devil.
The rust devil is moderately wounded.
The rust devil hits you! The rust devil corrodes you! Something hits you.
Something drains your vigour!
You feel as though you will be slow longer.
You pummel the rust devil!! You freeze the rust devil.
The rust devil is almost dead.
The rust devil splashes around in the water.
Something hits you. Something drains your vigour!
You feel as though you will be slow longer.
The iron imp barely misses you.
You hit the rust devil but do no damage.
The rust devil is almost dead.
The rust devil hits you! The rust devil corrodes you! Something hits you.
Something drains your vigour!
You feel as though you will be slow longer.
The iron imp misses you.
You hit the rust devil.
The rust devil is almost dead.
The rust devil hits you. The rust devil corrodes you! Something hits you!
* * * LOW HITPOINT WARNING * * *
Something drains your vigour!
You feel as though you will be slow longer.
The iron imp barely misses you.
You barely miss the rust devil.
The rust devil is almost dead.
The rust devil splashes around in the water.
Something hits you but does no damage. The iron imp hits you.
* * * LOW HITPOINT WARNING * * *
You hit the rust devil but do no damage.
The rust devil is almost dead.
The rust devil hits you!
* * * LOW HITPOINT WARNING * * *
The rust devil corrodes you! Something hits you.
* * * LOW HITPOINT WARNING * * *
You pummel the rust devil!!
You kill the rust devil!
That felt strangely unrewarding.
Something hits you!!
You die...

###. #...##
##.... #.#
..... #..##
.. ## #
.....#...# #
# ##.## ..#
# #.# ##..#
. # ## #.#.#
. #...####
##.5#..####.
#.#≈Y{......
#.#≈≈≈......
###≈≈≈...≈.≈
.≈≈≈≈...≈≈
.#..≈§≈≈≈≈≈
#.#...≈≈≈≈≈.
. .....≈...#
..
..........


You could see an iron imp.

Vanquished Creatures
  Kirke (Shoals:3)
  A nagaraja (Snake:2)
  2 azure jellies (IceCv)
  Aizul (Snake:3)
  2 quicksilver oozes (IceCv)
  An ettin (D:14)
  A merfolk javelineer (Shoals:2)
  3 merfolk impalers
  Josephine (Orc:1)
  3 boulder beetles
  6 catoblepae
  7 hydras
  4 naga warriors
  6 anacondas
  5 centaur warriors
  An alligator snapping turtle (Shoals:1)
  A dancing weapon (D:14)
  A death knight (D:13)
  2 two-headed ogres
  A death yak (Lair:3)
  2 merfolk avatars
  2 satyrs (Shoals:2)
  2 tengu warriors
  A thrashing horror (Abyss:2)
  2 shock serpents
  A naga sharpshooter (Lair:4)
  Sonja (D:11)
  2 salamander mystics
  A fire crab (D:14)
  A wretched star (Abyss:2)
  3 starcursed masses (Abyss:2)
  A naga ritualist (Snake:1)
  2 phantasmal warriors (D:14)
  3 orc knights
  A deep elf pyromancer (D:12)
  3 mana vipers (Snake:2)
  16 fauns
  3 ugly things (D:14)
  5 salamanders
  4 cyclopes
  16 elephants
  5 merfolk sirens
  2 guardian serpents
  2 ice statues (IceCv)
  8 manticores
  A rust devil (Abyss:2)
  21 black mambas
  7 naga magi
  7 water nymphs
  Maurice (D:9)
  26 cane toads
  A gargoyle (D:13)
  A rime drake (Lair:5)
  A kobold demonologist (D:11)
  An unseen horror (D:13)
  3 freezing wraiths (D:14)
  3 tengu conjurers (D:14)
  2 entropy weaver simulacra (IceCv)
  11 komodo dragons
  26 merfolk
  A polar bear (shapeshifter) (D:14)
  4 trolls
  3 wind drakes
  4 tyrant leeches (Lair:6)
  4 raiju (Abyss:2)
  5 snapping turtles
  A polar bear (Lair:6)
  17 blink frogs
  4 dream sheep (Shoals:2)
  26 slime creatures
  10 water elementals
  Sigmund (D:2)
  3 wyverns
  34 yaks
  A spriggan (Lair:1)
  A shadow (D:10)
  Eustachio (D:6)
  A human (Shoals:3)
  4 wraiths
  3 basilisks
  4 hogs (Shoals:3)
  4 fire bats (Abyss:2)
  2 steam dragons (D:6)
  9 vampire mosquitoes
  2 wargs
  A fire elemental (D:11)
  Edmund (D:5)
  20 nagas
  2 acid dragons
  3 demonic crawler simulacra (IceCv)
  A spatial vortex (Abyss:2)
  14 water moccasins
  Duvessa (D:4)
  2 small abominations (Abyss:2)
  2 ice beasts (D:6)
  34 orc warriors
  6 sky beasts
  4 ugly thing simulacra (IceCv)
  5 ogres
  27 wolves
  A black bear (D:4)
  3 phantoms
  25 centaurs
  A kobold brigand (D:7)
  An elf zombie (D:6)
  3 nameless horrors
  14 bullfrogs
  An earth elemental (D:11)
  A gnoll sergeant (D:9)
  8 scorpions
  4 necrophages
  5 glowing shapeshifter simulacra (IceCv)
  An elf skeleton (D:6)
  5 wights (D:8)
  Dowan (D:4)
  20 killer bees
  3 howler monkeys
  5 electric eels
  2 hounds (D:6)
  A human zombie (D:6)
  11 orc priests
  A quasit (Abyss:2)
  3 jellies
  A human skeleton (D:6)
  Jessica (D:3)
  An iguana (D:6)
  20 orc wizards
  Terence (D:3)
  Robin (D:3)
  14 gnolls
  9 adders
  An ufetubus (D:5)
  4 dart slugs
  68 orcs
  6 ball pythons
  9 endoplasms
  2 giant cockroaches (D:3)
  16 goblins
  17 hobgoblins
  5 jackals
  2 quokkas (D:1)
  7 bats
  2 frilled lizards
  11 kobolds
  An orc skeleton (D:6)
  An orc zombie (D:6)
  7 rats
850 creatures vanquished.

Vanquished Creatures (collateral kills)
  A fire dragon (D:14)
  A merfolk impaler (Shoals:3)
  A salamander tyrant (Snake:2)
  7 naga warriors
  A merfolk aquamancer (Shoals:2)
  An anaconda (Snake:3)
  A dancing weapon (D:14)
  3 shock serpents (Snake:3)
  A naga sharpshooter (Snake:1)
  A naga ritualist (Snake:3)
  A deep elf pyromancer (D:15)
  2 salamanders
  4 fauns
  2 manticores (Shoals:1)
  A mana viper (Snake:3)
  A guardian serpent (Snake:3)
  A merfolk siren (Shoals:1)
  A naga mage (Snake:1)
  8 black mambas
  A freezing wraith (D:14)
  3 merfolk
  A water elemental (Shoals:2)
  A nameless horror (Snake:3)
  6 nagas
51 creatures vanquished.

Vanquished Creatures (others)
  2 fauns (Shoals:2)
  An air elemental (D:11)
  A water elemental (D:11)
  A black bear (Lair:2)
  2 bushes (Lair:6)
  34 fungi
  A lurking horror (Abyss:2)
  340 plants
  4 starspawn tentacles (Abyss:2)
  4 tentacles (Shoals:1)
390 creatures vanquished.

Grand Total: 1291 creatures vanquished

Notes
Turn   | Place    | Note
-------+----------+-------------------------------------------
     0 | D:1      | Aelig the Djinni Transmuter began the quest for the Orb.
     0 | D:1      | Reached XP level 1. HP: 17/17 MP: 0/0
   354 | D:1      | Reached XP level 2. HP: 13/22 MP: 0/0
   774 | D:1      | Reached XP level 3. HP: 23/27 MP: 0/0
   774 | D:1      | Learned a level 1 spell: Apportation
  1768 | D:2      | Reached skill level 4 in Unarmed Combat
  1904 | D:2      | Noticed Sigmund
  1914 | D:2      | Killed Sigmund
  1915 | D:2      | Reached skill level 5 in Unarmed Combat
  1915 | D:2      | Reached XP level 4. HP: 7/32 MP: 0/0
  1915 | D:2      | Reached XP level 5. HP: 8/37 MP: 0/0
  1915 | D:2      | Learned a level 2 spell: Static Discharge
  1915 | D:2      | Reached XP level 6. HP: 10/42 MP: 0/0
  2998 | D:3      | Found a faded altar of an unknown god.
  3083 | D:3      | Found a transporter.
  3084 | D:3      | Noticed eyesofgods1's ghost (amateur DsFi)
  3250 | D:3      | Noticed Terence
  3269 | D:3      | Killed Terence
  3563 | D:3      | Reached skill level 6 in Unarmed Combat
  4107 | D:3      | Noticed Robin
  4107 | D:3      | Noticed Jessica
  4116 | D:3      | Killed Jessica
  4117 | D:3      | Reached XP level 7. HP: 31/47 MP: 0/0
  4117 | D:3      | Learned a level 3 spell: Ignite Poison
  4131 | D:3      | Killed Robin
  4649 | D:3      | Reached skill level 7 in Unarmed Combat
  4992 | D:4      | Noticed Dowan
  4997 | D:4      | Noticed Duvessa
  5014 | D:4      | Killed Duvessa
  5230 | D:4      | Killed Dowan
  5231 | D:4      | Reached XP level 8. HP: 41/52 MP: 0/0
  6018 | D:4      | Reached skill level 8 in Unarmed Combat
  6376 | D:5      | Entered Level 5 of the Dungeon
  6376 | D:5      | Found a broken altar of Ashenzari.
  6696 | D:5      | Noticed Edmund
  6711 | D:5      | Killed Edmund
  6851 | D:5      | Found Zarchijo's Jewellery Emporium.
  7008 | D:5      | Reached XP level 9. HP: 58/60 MP: 0/0
  7008 | D:5      | Learned a level 3 spell: Lesser Beckoning
  7069 | D:5      | Found a large runed translucent door.
  7090 | D:5      | Found a large runed translucent door.
  7151 | D:5      | Found a staircase to the Ecumenical Temple.
  7161 | Temple   | Entered the Ecumenical Temple
  7427 | Temple   | Became a worshipper of Elyvilon the Healer
  7486 | D:5      | Reached skill level 9 in Unarmed Combat
  7607 | D:5      | Found a glowing silver altar of Zin.
  7645 | D:5      | Fell from the grace of Elyvilon
  7645 | D:5      | Became a worshipper of Zin the Law-Giver
  7645 | D:5      | Reached * piety under Zin
  7645 | D:5      | Reached ** piety under Zin
  7748 | D:5      | Found a runed translucent door.
  7749 | D:5      | Noticed Crazy Yiuf
  7866 | D:6      | Noticed Eustachio
  7911 | Temple   | Fell from the grace of Zin
  7911 | Temple   | Became a worshipper of Elyvilon the Healer
  8056 | D:6      | Reached * piety under Elyvilon
  8114 | D:6      | Reached skill level 1 in Invocations
  8174 | D:6      | Noticed a two-headed ogre
  8206 | D:6      | Reached skill level 5 in Spellcasting
  8637 | D:6      | Killed Eustachio
  8758 | D:6      | Found a large runed translucent door.
  8758 | D:6      | Found a large runed translucent door.
  8762 | D:6      | Found a large runed translucent door.
  8762 | D:6      | Found a large runed translucent door.
  8806 | D:6      | Reached skill level 10 in Unarmed Combat
  8928 | D:6      | Reached XP level 10. HP: 66/67 MP: 0/0
  9770 | D:6      | You are sucked into a shaft and drop 3 floors!
  9770 | D:9      | Noticed Maurice
  9779 | D:9      | Reached skill level 11 in Unarmed Combat
  9787 | D:9      | Paralysed by Maurice for 3 turns
  9791 | D:9      | Killed Maurice
 10726 | D:6      | Killed a two-headed ogre
 10727 | D:6      | Reached skill level 5 in Invocations
 10942 | D:7      | Reached ** piety under Elyvilon
 11880 | D:7      | Reached *** piety under Elyvilon
 12065 | D:8      | Noticed a komodo dragon
 12074 | D:8      | Killed a komodo dragon
 12075 | D:8      | Reached XP level 11. HP: 41/73 MP: 0/0
 12075 | D:8      | Learned a level 5 spell: Summon Mana Viper
 12359 | D:8      | Found a staircase to the Lair.
 12501 | D:8      | Reached skill level 12 in Unarmed Combat
 12893 | D:8      | Reached **** piety under Elyvilon
 13150 | Lair:1   | Entered Level 1 of the Lair of Beasts
 14933 | Lair:2   | Noticed an elephant
 14933 | Lair:2   | Noticed an elephant
 14933 | Lair:2   | Noticed an elephant
 15038 | Lair:2   | Reached ***** piety under Elyvilon
 15158 | Lair:2   | Noticed an elephant
 15160 | Lair:2   | Noticed an elephant
 15160 | Lair:2   | Noticed an elephant
 15161 | Lair:2   | Noticed an elephant
 15161 | Lair:2   | Noticed an elephant
 15175 | Lair:2   | Killed an elephant
 15180 | Lair:2   | Killed an elephant
 15181 | Lair:2   | Reached XP level 12. HP: 69/78 MP: 0/0
 15618 | Lair:2   | Reached skill level 13 in Unarmed Combat
 16119 | Lair:2   | Noticed a boulder beetle
 16137 | Lair:2   | Killed a boulder beetle
 17289 | Lair:3   | Reached skill level 14 in Unarmed Combat
 17550 | Lair:3   | Reached skill level 10 in Invocations
 17594 | Lair:3   | Reached XP level 13. HP: 65/83 MP: 0/0
 17594 | Lair:3   | Learned a level 5 spell: Borgnjor's Vile Clutch
 17610 | Lair:3   | Noticed a four-headed hydra
 17621 | Lair:3   | Killed a four-headed hydra
 18844 | Lair:3   | Reached skill level 15 in Unarmed Combat
 19357 | Lair:4   | Found a white marble altar of Elyvilon.
 19381 | Lair:4   | Found a staircase to the Shoals.
 19685 | Lair:4   | Found a staircase to the Snake Pit.
 19992 | Lair:4   | Found a hide-covered altar of Uskayaw.
 21241 | Lair:5   | You are sucked into a shaft and drop 1 floor!
 21241 | Lair:6   | Entered Level 6 of the Lair of Beasts
 21241 | Lair:6   | Noticed a seven-headed hydra
 21250 | Lair:6   | Killed a seven-headed hydra
 21493 | Lair:5   | Found a staircase to the Slime Pits.
 21566 | Lair:5   | Noticed Xelalesa's ghost (journeyman FoAK)
 21572 | Lair:5   | Found a runed translucent door.
 21903 | Lair:5   | Noticed a catoblepas
 21913 | Lair:5   | Killed a catoblepas
 22255 | Lair:5   | Reached ****** piety under Elyvilon
 22591 | D:9      | Reached skill level 5 in Fighting
 23426 | D:10     | Entered Level 10 of the Dungeon
 23426 | D:10     | Found Rosmata's Elemental Accessories.
 24335 | D:10     | Reached XP level 14. HP: 92/92 MP: 0/0
 24346 | D:10     | Found a staircase to the Orcish Mines.
 24611 | D:11     | HP: 2/138 [centaur/arrow[a centaur warrior] (5)]
 24891 | D:11     | Found a large runed translucent door.
 24891 | D:11     | Found a large runed translucent door.
 25235 | D:11     | Found a portal to a secret trove of treasure.
 25283 | D:11     | Noticed Sonja
 25304 | D:11     | Killed Sonja
 25791 | D:12     | Found a shimmering altar of Xom.
 25854 | D:12     | Found a frozen archway.
 25868 | D:12     | Reached skill level 16 in Unarmed Combat
 25876 | D:12     | HP: 1/112 [large slime creature (32)]
 26064 | IceCv    | Entered an ice cave
 26726 | IceCv    | Noticed a quicksilver ooze
 26733 | IceCv    | Killed a quicksilver ooze
 27017 | IceCv    | Noticed a quicksilver ooze
 27034 | IceCv    | Killed a quicksilver ooze
 27564 | IceCv    | Found a viscous altar of Jiyva.
 27564 | IceCv    | Noticed an azure jelly
 27579 | IceCv    | Killed an azure jelly
 27697 | IceCv    | Noticed an azure jelly
 27711 | IceCv    | Killed an azure jelly
 27890 | IceCv    | Identified the ring "Kavveliwe" {rElec rPois rC+ rCorr
                  | Str-5}
 28919 | D:13     | Found Cokhoruoce's Jewellery Shoppe.
 28962 | D:13     | Reached skill level 17 in Unarmed Combat
 29212 | D:13     | Found Monokil's Distillery.
 29342 | D:13     | Bought a potion of ambrosia for 112 gold pieces
 29355 | D:13     | Found Cuixtue's Assorted Antiques.
 29364 | D:13     | Bought a scroll of identify for 36 gold pieces
 29364 | D:13     | Bought a scroll of fear for 63 gold pieces
 30059 | D:13     | Reached skill level 5 in Dodging
 30137 | D:13     | Found Suomuen's Book Shoppe.
 30166 | D:13     | Reached XP level 15. HP: 85/103 MP: 0/0
 30166 | D:13     | Learned a level 6 spell: Summon Cactus Giant
 30605 | Orc:1    | Entered Level 1 of the Orcish Mines
 31280 | Orc:2    | Entered Level 2 of the Orcish Mines
 31280 | Orc:2    | Found a staircase to the Elven Halls.
 31283 | Orc:2    | Noticed Josephine
 31298 | Orc:1    | Killed Josephine
 31679 | Orc:2    | Found Wadurrym's General Store.
 31719 | Orc:2    | Bought a scroll of blinking for 120 gold pieces
 31986 | Orc:2    | Found Emmar's Antique Weapon Emporium.
 34087 | Orc:2    | Found Xunus's Armour Emporium.
 34088 | Orc:2    | Found Cays's Antique Armour Boutique.
 34088 | Orc:2    | Found Viug's Antique Armour Shoppe.
 34090 | Orc:2    | Found Pohairu's Antique Weapon Shop.
 35535 | Snake:1  | Entered Level 1 of the Snake Pit
 38476 | Snake:2  | Reached skill level 18 in Unarmed Combat
 39089 | Snake:2  | Reached skill level 10 in Spellcasting
 41029 | Snake:2  | Noticed a nagaraja
 41054 | Snake:2  | Killed a nagaraja
 41055 | Snake:2  | Reached XP level 16. HP: 87/109 MP: 0/0
 42317 | Snake:3  | Found a transporter.
 42323 | Snake:3  | Found a bloodstained altar of Trog.
 43015 | Snake:3  | Found a transporter.
 43019 | Snake:3  | Noticed Voveif's ghost (adept VSFi)
 44520 | Snake:3  | Noticed Aizul
 44533 | Snake:3  | Killed Aizul
 44917 | Shoals:1 | Entered Level 1 of the Shoals
 44917 | Shoals:1 | Noticed Roxanne
 46689 | Shoals:1 | Noticed a kraken
 47979 | Shoals:2 | Reached XP level 17. HP: 109/113 MP: 0/0
 47979 | Shoals:2 | Learned a level 6 spell: Eringya's Noxious Bog
 48569 | Shoals:2 | Noticed Louise
 49249 | Shoals:2 | Elyvilon protects you from harm!
 54810 | Shoals:3 | Noticed Kirke
 54821 | Shoals:3 | Killed Kirke
 56375 | D:15     | Entered Level 15 of the Dungeon
 57202 | D:14     | Found a gate to the Vaults.
 57226 | D:14     | Reached skill level 15 in Invocations
 57576 | D:14     | Reached skill level 10 in Fighting
 58114 | D:14     | Reached XP level 18. HP: 124/124 MP: 0/0
 59990 | Lair:6   | Found a bloodstained altar of Trog.
 60597 | Lair:6   | Found the +10 Black Knight's barding {ponderous, rPois rN+}
 60767 | Lair:6   | Identified the +5 great sword of Conscience {vorpal, Int+2
                  | Dex+4}
 61870 | Lair:5   | Cast into level 2 of the Abyss (Xelalesa's ghost)
 61884 | Abyss:2  | Found a corrupted altar of Lugonu.
 61985 | Abyss:2  | Found a corrupted altar of Lugonu.
 62037 | Abyss:2  | Found a corrupted altar of Lugonu.
 62159 | Abyss:2  | Slain by a shadow wraith

Illustrated notes

Levels and vault maps discovered:
D:1:      giann_horns, layout_loops_ring, st_stairs_1, nrook_loot_triangle
D:2:      cheibrodos_greedy_goblins, layout_loops_corners, uniq_sigmund
D:3:      layout_loops_corners, basic_ecumenical_altar,
          gammafunk_ghost_mausoleum, uniq_robin, uniq_jessica, uniq_terence
D:4:      layout_cave_pods, skrybe_limestone_x, uniq_duvessa
D:5:      layout_basic, old_standard_altar, jmf_multi_god_temple2, zin_academy,
          minmay_temple_entry_slanted, serial_shops, shop,
          uniq_crazy_yiuf_cottage, uniq_edmund
D:6:      minmay_chambers_of_fours, layout_loops_ring,
          nicolae_ossuary_entry_catacombs, chequers_serial_rivers_micro_b,
          minmay_hollow_rounded_squares, uniq_eustachio
D:7:      layout_cave_pools, enter_bailey_4
D:8:      layout_basic, david_lair_shrubbed
D:9:      layout_basic, uniq_maurice
D:10:     layout_basic, david_orc_5, nicolae_elemental_shop
D:11:     layout_long_grid, nicolae_trove_entry_diagonal,
          minmay_misc_feat_diagonals, palyth_stone_intersect,
          kennysheep_nondescript, lightli_elemental_guards, uniq_sonja
D:12:     layout_small_grid, portal_ice_cave_entry_pillars_1, xom_teletrap_fun
D:13:     layout_cave_pools, serial_shops, shop,
          nicolae_shop_overgrown_old_shop, shop, nicolae_shop_window_shopping,
          ebering_dispersal_statue_hall, nicolae_benzene_ring,
          grunt_decor_resistance
D:14:     minmay_mutant_horseshoe, layout_loops_cross, erik_vaults_1,
          corexii_corridor_pit
D:15:     grunt_enter_depths_hoard, layout_loops_ring, serial_bayou_pond_d
Temple:   mainiacjoe_temple_coin_purse
Lair:1:   layout_long_grid, wad_woods_03
Lair:2:   layout_chaotic_city, serial_forest, infiniplex_forest_zigzag_1,
          infiniplex_forest_clump_long, infiniplex_forest_clump_tiny,
          infiniplex_forest_zigzag_1, ldierk_geyser, nzn_sisyphean_effort,
          grunt_megastairs_4
Lair:3:   nzn_winding_woodlands_medium [nzn_winding_woodlands_5x5_closed_star,
          nzn_winding_woodlands_5x15_lazy_stream,
          nzn_winding_woodlands_5x5_checkerboard,
          nzn_winding_woodlands_5x5_open_star,
          nzn_winding_woodlands_center_triple_pond,
          nzn_winding_woodlands_5x5_three, nzn_winding_woodlands_hourglass,
          nzn_winding_woodlands_5x15_concentric,
          nzn_winding_woodlands_5x5_cross], layout_cave_pods,
          chequers_serial_rivers_room_b, beast_lair_carwin_1
Lair:4:   layout_long_grid, minmay_shoals_entry_beasts,
          guppyfry_snake_entry_island, basic_altar, serial_bayou_ford_a,
          lemuel_centaur_altar
Lair:5:   layout_layer_cave, slime_dummy, hellmonk_ghost_happy_afterlife,
          grunt_megastairs_5, lemuel_fruit_fields, lemuel_fruit_tree,
          serial_bayou_shore_b, infiniplex_staircase_pool
Lair:6:   minmay_lair_end_frog_pond, layout_cave_pods, serial_forest,
          infiniplex_forest_fountain, infiniplex_forest_straight_3,
          infiniplex_forest_clump_tiny, infiniplex_forest_clump_small,
          infiniplex_forest_zigzag_2, basic_altar, serial_bayou_shore_a,
          serial_bayou_shore_b
Shoals:1: layout_shoals, nicolae_shoals_wave_tunnel, uniq_roxanne
Shoals:2: layout_shoals, uniq_louise
Shoals:3: layout_shoals, uniq_kirke
Snake:1:  layout_chambers, nrook_guardian_serpent_double
Snake:2:  layout_honeycomb
Snake:3:  layout_basic, gammafunk_ghost_wrathful_warriors,
          hangedman_snake_corridor_split, uniq_aizul
Orc:1:    layout_caves
Orc:2:    st_orc_rangers, layout_diamond_mine, serial_shops,
          nicolae_shop_waterfront, shop, uniq_josephine
Abyss:2:  base: Lair:4, minivault_19, minivault_25_ag, minivault_25_ag

Skill      XL: |  1  2  3  4  5  6  7  8  9 10 11 12 13 14 15 16 17 |
---------------+----------------------------------------------------+-----
Spellcasting   | 2 3 4 5 6 7 8 9 10 12 13 | 13.6
Unarmed Combat | 5 6 7 8 10 11 12 14 15 17 18 | 18.0
Fighting       | 3 4 5 8 10 | 10.8
Invocations    | 3 5 7 10 12 13 15 | 15.5
Dodging        | 5 8 |  8.0

Action                   |  1- 3 |  4- 6 |  7- 9 | 10-12 | 13-15 | 16-18 || total
-------------------------+-------+-------+-------+-------+-------+-------++-------
Melee: Unarmed           |   140 |   106 |   244 |   512 |  1054 |   828 ||  2884
       Headbutt          |    16 |    14 |     9 |     3 |       |       ||    42
       Punch             |     2 |     3 |     2 |     6 |       |       ||    13
       Staff             |       |       |       |       |       |     2 ||     2
Throw: Stone             |       |       |       |       |     1 |       ||     1
 Cast: Beastly Appendage |    19 |    14 |    16 |     5 |       |       ||    54
       Wereblood         |     3 |     3 |     5 |    15 |    25 |     4 ||    55
       Spider Form       |     1 |     3 |    21 |    17 |     1 |     1 ||    44
       Ice Form          |       |       |     1 |    31 |   104 |   114 ||   250
       Summon Mana Viper |       |       |       |       |    28 |    36 ||    64
       Summon Cactus Gia |       |       |       |       |     1 |    52 ||    53
       Apportation       |       |       |       |       |     1 |     6 ||     7
       Eringya's Noxious |       |       |       |       |       |    32 ||    32
Invok: Heal Self         |       |       |       |     9 |    23 |    36 ||    68
       Divine Vigour     |       |       |       |       |     4 |     2 ||     6
       Heal Other        |       |       |       |       |       |     5 ||     5
       Purification      |       |       |       |       |       |     1 ||     1
 Abil: End Transformatio |       |       |       |       |       |     2 ||     2
Evoke: Wand              |       |       |       |       |     1 |     6 ||     7
  Use: Potion            |       |     1 |       |     2 |     6 |       ||     9
       Scroll            |       |       |     3 |    10 |    20 |    11 ||    44
 Stab: Sleeping          |       |     1 |     3 |     1 |       |     1 ||     6
       Distracted        |       |       |       |       |       |     3 ||     3
Armor: Robe              |    18 |    16 |    19 |     4 |     8 |    10 ||    75
       Skin              |       |     2 |    14 |   124 |   463 |   346 ||   949
Dodge: Dodged            |   102 |    47 |   162 |   274 |   550 |   506 ||  1641

Table legend: (Time is in decaauts)
 A = Elapsed time spent in this place.
 B = Non-inter-level travel time spent in this place.
 C = Inter-level travel time spent in this place.
 D = Time resting spent in this place.
 E = Time spent auto-exploring this place.
 F = Levels seen in this place.
 G = Mean time per level.
                   A        B        C        D        E       F      G
               +--------+--------+--------+--------+--------+-----+--------+
         Total |  61475 |  59116 |   2359 |  28389 |  17913 |  32 | 1921.1 |
       Dungeon |  24057 |  22630 |   1427 |   8566 |   9917 |  15 | 1603.8 |
        Temple |    307 |    267 |     40 |      0 |     44 |   1 |  307.0 |
          Lair |  12275 |  11734 |    541 |   5237 |   4035 |   6 | 2045.8 |
        Shoals |  10499 |  10377 |    122 |   6661 |    677 |   3 | 3499.7 |
     Snake Pit |   8351 |   8210 |    141 |   4177 |   2500 |   3 | 2783.7 |
  Orcish Mines |   3833 |   3748 |     85 |   2353 |    671 |   2 | 1916.5 |
         Abyss |    268 |    268 |      0 |      0 |      0 |   1 |  268.0 |
      Ice Cave |   1881 |   1881 |      0 |   1395 |     69 |   1 | 1881.0 |
               +--------+--------+--------+--------+--------+-----+--------+

Top non-repeatable levels by time:
Shoals:2: 4079 daAuts
Shoals:1: 3628 daAuts
 Snake:3: 3026 daAuts
Shoals:3: 2791 daAuts
  Lair:4: 2744 daAuts
    D:14: 2721 daAuts
 Snake:2: 2719 daAuts
 Snake:1: 2606 daAuts
     D:6: 2587 daAuts
   Orc:1: 2328 daAuts
  Lair:2: 2328 daAuts
  Lair:3: 2064 daAuts
     D:3: 2062 daAuts
  Lair:1: 1929 daAuts
   IceCv: 1881 daAuts
